 Dungeon Crawl Stone Soup version 0.25-a0-10-g2fe12d4386 (webtiles) character file.

Game seed: 1729284908718282809, levelgen mode: deterministic

39 Chiseanne the Magician (level 3, -2/24 HPs)
             Began as a Demonspawn Wizard on Oct 15, 2019.
             Slain by an orc
             ... wielding a +0 flail
              (7 damage)
             ... on level 3 of the Dungeon.
             The game lasted 00:02:04 (827 turns).

Chiseanne the Magician (Demonspawn Wizard)           Turns: 827, Time: 00:02:05

Health: -2/24      AC:  2    Str: 12    XL:     3   Next: 28%
Magic:  7/8        EV: 12    Int: 20    God:
Gold:   36         SH:  0    Dex: 11    Spells: 8/9 levels left

rFire    . . .     SeeInvis .   h - +1 dagger
rCold    . . .     Gourm    .   (no shield)
rNeg     . . .     Faith    .   a - +0 robe
rPois    .         Spirit   .   b - +0 hat
rElec    .         Reflect  .   (no cloak)
rCorr    .         Harm     .   (no gloves)
MR       .....                  (no boots)
Stlth    +.........             (no amulet)
HPRegen  0.08/turn              (no ring)
MPRegen  0.11/turn              (no ring)

@: confused, mighty
A: hooves 1, rot immunity
a: no special abilities


You were on level 3 of the Dungeon.
You were not hungry.

You visited 1 branch of the dungeon, and saw 3 of its levels.

You collected 36 gold pieces.

Inventory:

Hand Weapons
 e - a +0 club
 h - a +1 dagger (weapon)
Missiles
 g - 37 stones (quivered)
 i - 20 arrows
 k - 41 bolts
Armour
 a - a +0 robe (worn)
 b - a +0 hat (worn)
Wands
 c - a wand of flame (13)
Potions
 j - a potion of might
Comestibles
 d - 2 rations
 f - 5 chunks of flesh


   Skills:
 + Level 2.2 Dodging
 - Level 1.7 Stealth
 * Level 3.5 Spellcasting
 * Level 2.1 Conjurations
   Level 1.0 Summonings
   Level 0.8 Translocations


You had 8 spell levels left.
You knew the following spells:

 Your Spells              Type           Power        Failure   Level  Hunger
a - Magic Dart            Conj           ##..         5%          1    None

Your spell library contained the following spells:

 Spells                   Type           Power        Failure   Level  Hunger
 Blink                    Tloc           N/A          14%         2    ##.....
 Call Imp                 Summ           #.......     14%         2    ##.....
 Slow                     Hex            #.......     21%         2    ##.....
 Conjure Flame            Conj/Fire      #.......     26%         3    ###....
 Mephitic Cloud           Conj/Pois/Air  #.......     30%         3    ###....


Dungeon Overview and Level Annotations

Branches:
Dungeon (3/15)

Altars:


Innate Abilities, Weirdness & Mutations

You have large cloven feet.
You are immune to rotting.


Message History

You barely miss the orc. Something hits you. The orc hits you with a +0 whip.
The orc hits you with a +0 flail!
* * * LOW HITPOINT WARNING * * *
You barely miss the orc. Your kick misses the orc. Something hits you.
* * * LOW HITPOINT WARNING * * *
The orc misses you. The orc closely misses you.
Casting: Magic Dart (safe; 5% risk of failure)
Confirm with . or Enter, or press ? or * to list all spells.
Aiming: Magic Dart (safe; 5% risk of failure)
Press: ? - help, Shift-Dir - straight line, f/p - orc
Aim: an orc, wielding a +0 whip and wearing a +0 leather armour The magic dart hits the orc.
The orc is moderately wounded.
Something hits you.
* * * LOW HITPOINT WARNING * * *
The orc closely misses you.
You hear some strange, mumbled words.
You are confused.
You bump into the rock wall.
The orc hits you with a +0 flail!
You die...

#.###..## #.#
#...# .. #.#
###.## .. #.#
#..##.. #.......#
#.# #..##.#
#.......# ...
#..##.# #.......#
.. #...#.#
#.......# #.#.#.#
#o......# #.#@..#
#.......#
#.##o.####...<...#
#.......[........#
#####.###.###.####
#......># #.# #
######### #.# #..
###


You could see an orc.

Vanquished Creatures
  An adder (D:3)
  A dart slug (D:1)
  6 orcs (D:3)
  3 goblins (D:1)
  A jackal (D:3)
  6 bats
  2 frilled lizards
  A kobold (D:1)
  4 rats
25 creatures vanquished.

Notes
Turn   | Place    | Note
-------+----------+-------------------------------------------
     0 | D:1      | Chiseanne the Demonspawn Wizard began the quest for the
                  | Orb.
     0 | D:1      | Reached XP level 1. HP: 13/13 MP: 4/4
   265 | D:1      | Gained mutation: You are immune to rotting. [demonic
                  | ancestry]
   265 | D:1      | Reached XP level 2. HP: 19/19 MP: 4/6
   293 | D:1      | You fall into a shaft and drop 1 floor!
   607 | D:3      | Gained mutation: You have large cloven feet. [demonic
                  | ancestry]
   607 | D:3      | Reached XP level 3. HP: 23/24 MP: 0/7
   827 | D:3      | Slain by an orc

Levels and vault maps discovered:
D:1:      lightli_arrival_noodles, layout_rooms, grunt_decor_resistance,
          st_stairs_13
D:2:      layout_loops_cross, uniq_sigmund
D:3:      layout_basic

Skill      XL: |  1  2 |
---------------+-------+-----
Dodging        | 2 |  2.2
Conjurations   | 2 |  2.1
Stealth        | |  1.7
Spellcasting   | |  3.5
Summonings     | |  1.0
Translocations | |  0.8

Action                   || total
-------------------------++-------
Melee: Unarmed           ||     1
       Dagger            ||    24
       Kick              ||     4
 Cast: Magic Dart        ||    53
  Use: Scroll            ||     3
       Potion            ||     2
Armor: Robe              ||    20
Dodge: Dodged            ||    52

Table legend:
 A = Non-vault XP
 B = Vault XP
 C = Vault XP percentage of total XP
 D = Non-vault monster count
 E = Vault monster count
 F = Vault count percentage of total count
                 A         B        C        D         E       F
            +---------+---------+-------+---------+---------+-------
      Total |      55 |       2 |   3.5 |      24 |       1 |   4.0
            +---------+---------+-------+---------+---------+-------
        D:1 |      11 |       2 |  15.4 |       6 |       1 |  14.3
        D:2 |       1 |       0 |   0.0 |       1 |       0 |   0.0
        D:3 |      43 |       0 |   0.0 |      17 |       0 |   0.0
            +---------+---------+-------+---------+---------+-------
